 Dungeon Crawl Stone Soup version 0.16.1-4-g8e1b745 (webtiles) character file.

161 achirane the Cutter (level 5, -2/37 HPs)
             Began as a Vampire Venom Mage on Mar 26, 2015.
             Slain by Menkaure (12 damage)
             ... on level 5 of the Dungeon.
             The game lasted 00:26:25 (3465 turns).

achirane the Cutter (Vampire Venom Mage)            Turns: 3465, Time: 00:26:25

Health: -2/37      AC:  8    Str:  7    XL:     5   Next: 18%
Magic:  2/9        EV: 12    Int: 17    God:
Gold:   201        SH:  0    Dex: 15    Spells: 2 memorised, 4 levels left

rFire  . . .     SeeInvis +     z - +2 short sword (vamp)
rCold  + . .     Clarity  .     n - +0 leather armour
rNeg   + + .     SustAb   .     (no shield)
rPois  +         Gourm    .     r - +0 helmet
rElec  .         Spirit   .     (no cloak)
rCorr  .         Warding  .     y - +0 pair of gloves
rMut   .         Stasis   .     (no boots)
MR     .....                    t - amulet of regeneration
Stlth  ++........               u - +3 ring of protection
                                B - ring of wizardry

@: very slightly contaminated, regenerating slowly, hasted, very quick, not
resistant to hostile enchantments, unstealthy
A: bottle blood, fangs 3, see invisible, unbreathing
a: Bat Form


You were on level 5 of the Dungeon.
You were thirsty.

You visited 1 branch of the dungeon, and saw 5 of its levels.

You collected 201 gold pieces.

Inventory:

Hand weapons
 f - a +0 dagger
 s - a +0 hunting sling
 v - a +0 short sword
 z - a +2 vampiric short sword (weapon)
Missiles
 d - 41 stones (quivered)
 g - 5 poisoned needles
 j - 31 sling bullets
 C - 7 poisoned sling bullets
Armour
 a - a +0 robe
 n - a +0 leather armour (worn)
 r - a +0 helmet (worn)
 y - a +0 pair of gloves (worn)
Jewellery
 o - an uncursed ring of stealth
 t - an amulet of regeneration (around neck)
 u - a +3 ring of protection (right hand)
 B - a ring of wizardry (left hand)
Scrolls
 e - 3 scrolls of identify {unknown}
 l - a scroll of amnesia {unknown}
 m - a scroll of noise {unknown}
 q - 2 scrolls of teleportation {unknown}
 A - a scroll of random uselessness {unknown}
 F - a scroll of immolation {unknown}
 G - a scroll of magic mapping {unknown}
Potions
 c - 22 potions of blood
 h - a potion of ambrosia {unknown}
 i - a potion of restore abilities {unknown}
 k - 2 potions of curing {unknown}
 p - a potion of heal wounds {unknown}
 w - 2 potions of poison {unknown}
 x - a potion of cure mutation {unknown}
 D - a potion of might {unknown}
Books
 b - a Young Poisoner's Handbook

   Spells                             Type                      Level
   a - Sting                          Conjuration/Poison           1
   b - Cure Poison                    Poison                       2
   c - Mephitic Cloud                 Conjuration/Poison/Air       3
   d - Olgreb's Toxic Radiance        Poison                       4
   e - Venom Bolt                     Conjuration/Poison           5


   Skills:
 - Level 1.0 Fighting
 + Level 4.7 Short Blades
 - Level 1.0 Slings
 - Level 2.1 Dodging
 - Level 3.0 Stealth
 - Level 2.0 Spellcasting
 * Level 3.7 Poison Magic


You had 4 spell levels left.
You knew the following spells:

 Your Spells              Type           Power        Failure   Level  Hunger
a - Sting                 Conj/Pois      #...         7%          1    #......
b - Mephitic Cloud        Conj/Pois/Air  #.......     30%         3    ###....


Dungeon Overview and Level Annotations

Branches:
Dungeon (5/15)
 Temple: D:4-7

Altars:
Gozag
Yredelemnul

Annotations:
D:5 Menkaure


Innate Abilities, Weirdness & Mutations

You heal slowly.
You can bottle blood from corpses.
You have razor-sharp teeth.
You have supernaturally acute eyesight.
You can survive without breathing.


Message History

Confirm with . or Enter, or press ? or * to list all spells.
You don't have enough magic to cast that spell.
Unknown command.
Unknown command.
Wield which item (- for none, * to show all)? (? for menu, Esc to quit)
You feel a bloodthirsty glee!
z - a +2 vampiric short sword (weapon)
You hit Menkaure but do no damage.
Menkaure is lightly damaged.
Menkaure calls on the powers of darkness!
Your body is wracked with pain!
You hit Menkaure. Your bite misses Menkaure.
Menkaure is moderately damaged.
You hit Menkaure.
Menkaure is moderately damaged.
Menkaure hits you!
* * * LOW HITPOINT WARNING * * *
Drink which item? (? for menu, Esc to quit)
You feel yourself speed up. Menkaure hits you!
You die...

#.# #M# #§#
#.# #.####
#....# ####.#
#M# #@#
..######.#
..........#
###########..#
.............#
########....##
#.#### #÷# #.#


You could see Menkaure.

Vanquished Creatures
  Robin (D:2)
  3 adders
  3 gnolls (D:2)
  A worm (D:3)
  3 giant geckos
  An orc (D:3)
  A ball python (D:1)
  10 bats
  3 giant cockroaches
  18 goblins
  11 hobgoblins
  10 jackals
  7 kobolds
  2 giant newts
  A quokka (D:3)
  5 rats
80 creatures vanquished.

Vanquished Creatures (others)
  A giant newt (D:1)
  A kobold (D:1)
  A rat (D:1)
3 creatures vanquished.

Grand Total: 83 creatures vanquished

Notes
Turn   | Place    | Note
--------------------------------------------------------------
     0 | D:1      | achirane, the Vampire Venom Mage, began the quest for the Orb.
     0 | D:1      | Reached XP level 1. HP: 13/13 MP: 3/3
    37 | D:1      | Reached skill level 1 in Fighting
   182 | D:1      | Reached skill level 1 in Short Blades
   203 | D:1      | Reached XP level 2. HP: 18/21 MP: 4/4
   989 | D:2      | Reached XP level 3. HP: 26/26 MP: 6/6
  1223 | D:2      | Noticed Robin
  1273 | D:2      | Killed Robin
  1936 | D:2      | Reached XP level 4. HP: 32/32 MP: 3/7
  2007 | D:2      | Reached skill level 1 in Slings
  2236 | D:3      | Reached skill level 4 in Short Blades
  2274 | D:3      | Found a basalt altar of Yredelemnul.
  2513 | D:3      | Found an opulent altar of Gozag.
  2675 | D:3      | Reached XP level 5. HP: 37/37 MP: 6/9
  3185 | D:3      | Learned a level 3 spell: Mephitic Cloud
  3269 | D:5      | Entered Level 5 of the Dungeon
  3425 | D:5      | Noticed Menkaure
  3465 | D:5      | Slain by Menkaure

Action                   |  1- 3 |  4- 6 || total
-------------------------+-------+-------++-------
Melee: Dagger            |   118 |    34 ||   152
       Unarmed           |     1 |       ||     1
       Short sword       |       |    77 ||    77
 Fire: Hunting sling     |     7 |     5 ||    12
 Cast: Sting             |    30 |    32 ||    62
       Mephitic Cloud    |       |     2 ||     2
  Use: Potion            |     2 |     5 ||     7
 Stab: Sleeping          |     3 |     9 ||    12
       Distracted        |       |     1 ||     1
